 Dungeon Crawl Stone Soup version 0.18-a0-1655-ge2d8d33 (webtiles) character file.

337 dvd the Chopper (level 6, -1/52 HPs)
             Began as a Hill Orc Gladiator on Mar 30, 2016.
             Slain by a river rat (7 damage)
             ... summoned by Eustachio
             ... on level 4 of the Dungeon.
             The game lasted 00:10:23 (4967 turns).

dvd the Chopper (Hill Orc Gladiator)                Turns: 4967, Time: 00:10:24

Health: -1/52      AC: 13    Str: 19    XL:     6   Next: 54%
Magic:  6/6        EV: 11    Int:  8    God:
Gold:   176        SH:  0    Dex: 12    Spells: 0 memorised, 5 levels left

rFire  . . .     SeeInvis .     b - +1 mace (protect)
rCold  . . .     Gourm    .     w - +0 scale mail
rNeg   . . .     Faith    .     (no shield)
rPois  .         Spirit   .     p - +0 helmet
rElec  .         Dismiss  .     (no cloak)
rCorr  .         Reflect  .     (no gloves)
SustAt .         Harm     .     (no boots)
MR     .....                    (no amulet)
Stlth  ..........               (no ring)
                                (no ring)

@: lethally poisoned (-1 -> -9), not resistant to hostile enchantments,
extremely unstealthy
A: no striking features
a: no special abilities


You were on level 4 of the Dungeon.
You were not hungry.

You visited 1 branch of the dungeon, and saw 4 of its levels.

You collected 176 gold pieces.

Inventory:

Hand Weapons
 a - a +0 war axe
 b - a +1 mace of protection (weapon)
Missiles
 d - 3 throwing nets (quivered)
 o - 4 tomahawks
Armour
 n - a +0 ring mail
 p - a +0 helmet (worn)
 s - a +0 leather armour
 t - a +0 chain mail
 w - a +0 scale mail (worn)
Scrolls
 e - 2 scrolls of identify {unknown}
 g - 4 scrolls of enchant weapon {unknown}
 i - 2 scrolls of remove curse {unknown}
 k - a scroll of immolation {unknown}
 l - 2 scrolls of noise {unknown}
 m - 3 scrolls of recharging {unknown}
 q - a scroll of fog {unknown}
 v - a scroll of enchant armour {unknown}
 x - a scroll of blinking {unknown}
Potions
 c - a potion of agility {unknown}
 h - a potion of degeneration {unknown}
 j - a potion of curing
 r - 2 potions of cure mutation {unknown}
Books
 u - a book of the Sky

   Spells                             Type                      Level
   a - Summon Lightning Spire         Summoning/Air                4
   b - Airstrike                      Air                          4
   c - Silence                        Hexes/Air                    5
   d - Deflect Missiles               Charms/Air                   6
   e - Conjure Ball Lightning         Conjuration/Air              6
   f - Tornado                        Air                          9
Comestibles
 f - 3 bread rations
 z - 2 chunks of flesh
 A - a royal jelly


   Skills:
 + Level 3.8 Fighting
 + Level 6.1(6.2) Axes
 + Level 1.2(3.4) Maces & Flails
 + Level 1.8 Throwing
 + Level 3.4 Armour
 + Level 3.3 Dodging


You had 5 spell levels left.
You didn't know any spells.

Dungeon Overview and Level Annotations

Branches:
Dungeon (4/15)             Temple (0/1) D:4

Altars:
Ashenzari

Annotations:
D:4 Eustachio


Message History

Unknown command.
You hit the river rat but do no damage.
You feel sick. The river rat barely misses you.
Eustachio mumbles some strange words.
Eustachio blinks!
The river rat barely misses you.
Unknown command.
You hit the river rat.
The river rat is lightly wounded.
You feel sick.
The river rat bites you. x2; The river rat barely misses you.
You closely miss the river rat.
The river rat is lightly wounded.
You feel sick. The river rat bites you. x2
* * * LOW HITPOINT WARNING * * *
You closely miss the river rat.
The river rat is lightly wounded.
* * * LOW HITPOINT WARNING * * *
You feel sick. The river rat bites you.
* * * LOW HITPOINT WARNING * * *
The river rat bites you!
You die...

...)..# # #.
.######## .# ##.
........# .# #.#
#######.# ..# ##.
#.# #.. ##
#.#######.# #######
#
#........###5......
#
#########รท#rr5..@..
# ##@######## ...
#r# ### #.# #.# #.#
#.# #.# #.. ###


You could see Eustachio, an iron imp, 2 river rats, a white imp and a quokka.

Vanquished Creatures
  A scorpion (D:4)
  Terence (D:2)
  Natasha (twice) (D:2)
  A worker ant (D:4)
  Robin (D:2)
  4 adders
  An ooze (D:1)
  4 worms
  A dart slug (D:1)
  A giant gecko (D:2)
  15 orcs
  2 ball pythons
  4 bats
  5 giant cockroaches
  17 goblins
  7 hobgoblins
  13 jackals
  7 kobolds
  2 quokkas
  A ball python skeleton (D:4)
  3 giant newts
  A jackal skeleton (D:4)
  4 rats
98 creatures vanquished.

Notes
Turn   | Place    | Note
--------------------------------------------------------------
     0 | D:1      | dvd the Hill Orc Gladiator began the quest for the Orb.
     0 | D:1      | Reached XP level 1. HP: 18/18 MP: 1/1
   290 | D:1      | Reached XP level 2. HP: 20/25 MP: 2/2
  1124 | D:2      | Found a shattered altar of Ashenzari.
  1149 | D:2      | Reached XP level 3. HP: 30/30 MP: 3/3
  1611 | D:2      | Reached skill level 5 in Axes
  1755 | D:2      | Reached skill level 1 in Armour
  2045 | D:2      | Noticed Robin
  2071 | D:2      | Reached XP level 4. HP: 21/38 MP: 4/4
  2302 | D:2      | Noticed Natasha
  2323 | D:2      | Killed Natasha
  2723 | D:2      | Noticed Natasha
  2746 | D:2      | Killed Robin
  2751 | D:2      | Killed Natasha
  2751 | D:2      | Reached XP level 5. HP: 17/45 MP: 5/5
  3260 | D:3      | Noticed Terence
  3286 | D:2      | Killed Terence
  3286 | D:2      | Reached skill level 6 in Axes
  3922 | D:3      | Reached XP level 6. HP: 33/51 MP: 6/6
  4307 | D:4      | HP: 2/52 [poisoned by an adder]
  4314 | D:4      | HP: 2/52 [poisoned by an adder]
  4667 | D:4      | Reached skill level 1 in Maces & Flails
  4858 | D:4      | Found a staircase to the Ecumenical Temple.
  4932 | D:4      | Noticed Eustachio
  4967 | D:4      | Slain by a river rat

Vault maps used:
D:1:      dpeg_cavernosity, minivault_23, minmay_ruptured
D:2:      nicolae_ashenzari_panopticon, serial_park_tiny_pond, uniq_robin,
          uniq_natasha
D:3:      eino_tiny_chamber, uniq_terence
D:4:      minmay_temple_entry_statues_fountains, first_bread, uniq_eustachio

Skill      XL: |  1  2  3  4  5  6 |
---------------+-------------------+-----
Axes           | 5 6 |  6.1
Armour         | 1 2 3 |  3.4
Fighting       | 3 |  3.8
Dodging        | 3 |  3.3
Maces & Flails | 1 |  1.2
Throwing       | |  1.8

Action                   |  1- 3 |  4- 6 || total
-------------------------+-------+-------++-------
Melee: War axe           |   123 |   100 ||   223
       Mace              |       |   172 ||   172
  Use: Potion            |       |     1 ||     1
  Eat: Chunk             |     3 |    10 ||    13
